 Dungeon Crawl Stone Soup version 0.28-a0-500-g121bc3e445 (webtiles) character file.

Game seed: 2664075032087330268

77 anonymouscript the Sneak (level 4, -1/29 HPs)
             Began as a Vampire Brigand on Sept 19, 2021.
             Slain by an orc (3 damage)
             ... on level 4 of the Dungeon.
             The game lasted 00:22:19 (1879 turns).

anonymouscript the Sneak (Vampire Brigand)          Turns: 1879, Time: 00:22:20

Health: -1/29      AC:  3    Str:  8 (10) XL:     4   Next: 14%
Magic:  0/4        EV: 12    Int: 11 (13) God:
Gold:   78         SH:  0    Dex: 14 (16) Spells: 3/3 levels left

rFire   . . .      SeeInvis +   a - +2 dagger
rCold   . . .      Faith    .   (no shield)
rNeg    . . .      Spirit   +   b - +0 robe
rPois   .          Reflect  .   (no helmet)
rElec   .          Harm     .   c - +0 cloak
rCorr   .          Rampage  .   (no gloves)
Will    .....                   (no boots)
Stlth   ++++......              g - amulet of guardian spirit
HPRegen 0.29/turn               (no ring)
MPRegen 0.09/turn               (no ring)

@: healing quickly
A: alive, fangs 3, see invisible, vampiric 2, [frail 1]
a: Exsanguinate


You were on level 4 of the Dungeon.
You visited 1 branch of the dungeon, and saw 4 of its levels.

You collected 78 gold pieces.

Inventory:

Hand Weapons
 a - a +2 dagger (weapon)
 k - a +0 hand axe of electrocution
 s - a +0 whip
Missiles
 d - 2 poisoned darts (quivered)
 e - 13 arrows
 i - 20 stones
 r - 13 sling bullets
Armour
 b - a +0 robe (worn)
 c - a +0 cloak (worn)
 h - a +0 plate armour
Jewellery
 g - an amulet of guardian spirit (around neck)
Scrolls
 j - a scroll of immolation {unknown}
 l - a scroll of enchant weapon {unknown}
 p - a scroll of identify {unknown}
 q - 2 scrolls of silence {unknown}
Potions
 f - 2 potions of cancellation {unknown}
 m - a potion of lignification {unknown}
 n - a potion of flight {unknown}
 o - a potion of curing {unknown}


   Skills:
 + Level 1.9 Fighting
 + Level 2.4 Short Blades
 + Level 2.4 Throwing
 + Level 1.7 Dodging
 + Level 7.2 Stealth


You had 3 spell levels left.
You didn't know any spells.
Your spell library contained the following spells:

 Spells                   Type           Power      Damage    Failure   Level
 Corpse Rot               Necr/Air       N/A        N/A       47%         2
 Dispel Undead            Necr           0%         3d6       98%         4
 Death Channel            Necr           0%         N/A       100%        6


Dungeon Overview and Level Annotations

Branches:
Dungeon (4/15)
 Temple: D:4-7

Altars:

Shops:
D:2 !


Innate Abilities, Weirdness & Mutations

Your natural rate of healing is accelerated.
You have razor-sharp teeth.
You have supernaturally acute eyesight. (SInv)
You are afflicted with vampirism and can become a bat while bloodless.
[You are frail. (-10% HP)]


Message History

You kill the orc!
The orc barely misses you.
You barely miss the orc. The orc barely misses you.
You hit the orc.
The orc is moderately wounded.
You kill the orc!
The orc closely misses you. The orc hits you with a +0 hand axe.
You hit the orc. Your bite misses the orc.
The orc is heavily wounded.
The orc barely misses you. The orc hits you with a +0 short sword.
You barely miss the orc.
The orc is heavily wounded.
The orc hits you with a +0 hand axe. The orc barely misses you.
The orc hits you but does no damage.
You hit the orc.
You kill the orc!
The orc barely misses you. The orc misses you.
You hit the orc.
The orc is lightly wounded.
The orc closely misses you. The orc hits you with a +0 short sword.
You hit the orc.
The orc is moderately wounded.
The orc closely misses you.
You closely miss the orc.
The orc is moderately wounded.
The orc hits you with a +0 short sword.
* * * LOW HITPOINT WARNING * * *
The orc closely misses you.
You are too injured to fight recklessly!
You hit the orc but do no damage. The orc completely misses you. x2
You barely miss the orc. The orc misses you.
You hit the orc but do no damage. You bite the orc.
The orc is almost dead.
The orc hits you with a +0 hand axe.
* * * LOW HITPOINT WARNING * * *
The orc misses you.
You hit the orc.
You kill the orc!
The orc hits you with a +0 short sword.
You die...

#####
####..<#
#....###
#....####
#(...o@)#
#....##)#
#.......#
#....o###
#.....#
#####.#
o# o.


You could see an orc.

Vanquished Creatures
  2 adders (D:3)
  A worm (D:2)
  A dart slug (D:1)
  10 orcs
  3 endoplasms (D:1)
  A giant cockroach (D:1)
  3 hobgoblins
  6 jackals
  2 kobolds
  2 quokkas
  3 ball pythons (D:1)
  4 bats
  3 goblins
  2 rats
43 creatures vanquished.

Notes
Turn   | Place    | Note
-------+----------+-------------------------------------------
     0 | D:1      | anonymouscript the Vampire Brigand began the quest for the
                  | Orb.
     0 | D:1      | Reached XP level 1. HP: 16/16 MP: 1/1
    73 | D:1      | Reached skill level 6 in Stealth
   114 | D:2      | Found Yjoshrau's Distillery.
   244 | D:1      | Reached XP level 2. HP: 22/22 MP: 2/2
  1100 | D:2      | Gained mutation: You are afflicted with vampirism and can
                  | become a bat while bloodless. [Vampire growth]
  1100 | D:2      | Reached XP level 3. HP: 27/27 MP: 3/3
  1250 | D:3      | Reached skill level 7 in Stealth
  1755 | D:3      | Reached XP level 4. HP: 28/33 MP: 2/4
  1859 | D:4      | Upgraded the game from 0.28-a0-479-g5baa6b73be to
                  | 0.28-a0-494-ge2d2658822
  1864 | D:4      | Upgraded the game from 0.28-a0-494-ge2d2658822 to
                  | 0.28-a0-500-g121bc3e445
  1878 | D:4      | HP: 1/29 [orc (5)]
  1879 | D:4      | Slain by an orc

Illustrated notes

Levels and vault maps discovered:
D:1:      eino_arrival_water_star, layout_rooms
D:2:      minmay_alternating_diamond, layout_loops_ring, serial_shops, shop,
          ebering_dispersal_statue_hall, kennysheep_generic_room_6
D:3:      minmay_evil_eye, layout_basic, mainiacjoe_overflow_alcove_4,
          minivault_26, serial_bayou_ford_a
D:4:      layout_basic, mainiacjoe_overflow_boulevard,
          mainiacjoe_overflow_catwalk_spiral, gup_sewer_entry_glass

Skill      XL: |  1  2  3 |
---------------+----------+-----
Stealth        | 6 7 |  7.2
Throwing       | 2 |  2.4
Fighting       | |  1.9
Short Blades   | |  2.4
Dodging        | |  1.7

Action                   |  1- 3 |  4- 6 || total
-------------------------+-------+-------++-------
Melee: Dagger            |    78 |    18 ||    96
       Bite              |    10 |     2 ||    12
Throw: Dart              |    44 |     2 ||    46
       Stone             |    15 |       ||    15
 Abil: Exsanguinate      |     1 |     1 ||     2
       Bat Form          |       |     1 ||     1
       Revivify          |       |     1 ||     1
 Stab: Sleeping          |     5 |       ||     5
Armor: Robe              |    45 |     2 ||    47
Dodge: Dodged            |    65 |    19 ||    84

Table legend: (Time is in decaauts)
 A = Elapsed time spent in this place.
 B = Non-inter-level travel time spent in this place.
 C = Inter-level travel time spent in this place.
 D = Time resting spent in this place.
 E = Time spent auto-exploring this place.
 F = Levels seen in this place.
 G = Mean time per level.
                   A        B        C        D        E       F      G
               +--------+--------+--------+--------+--------+-----+--------+
         Total |   1876 |   1876 |      0 |      0 |    247 |   4 |  469.0 |
       Dungeon |   1876 |   1876 |      0 |      0 |    247 |   4 |  469.0 |
               +--------+--------+--------+--------+--------+-----+--------+

Top non-repeatable levels by time:
     D:2: 634 daAuts
     D:3: 620 daAuts
     D:1: 595 daAuts
     D:4: 26 daAuts
